[Event "Women"]
[Site "Tallinn, EE"]
[Date "2024.12.15"]
[Round "1.2"]
[White "Olde, Margareth"]
[Black "Saag, Enith Li"]
[Result "1-0"]
[Board "1"]
[TimeControl "40/5400+30"]
[WhiteFideId "4503082"]
[BlackFideId "4501373"]
[WhiteTitle "WIM"]
[WhiteElo "2147"]
[BlackElo "1805"]
[WhiteTeam "EST"]
[BlackTeam "EST"]
[WhiteClock "0:16:38"]
[BlackClock "0:16:13"]
[Variant "Standard"]

1. e4  e5 2. Nf3  Nc6 3. Bc4  Bc5 4. d3  h6 5. Nc3  d6 6. h3  Nge7 7. Na4  Bb6 8. a3  O-O 9. O-O  Kh7 10. Nxb6  axb6 11. d4  Ng6 12. dxe5  Ncxe5 13. Nxe5  Nxe5 14. Bd5  f5 15. exf5  c6 16. Be6  Bxe6 17. fxe6  Qe7 18. f4  Ng6 19. Qd3  Rf6 20. Bd2  Raf8 21. Rae1  Kh8 22. Bc3  Rf5 23. g3  d5 24. Bd2  Qd6 25. b4  c5 26. Qe2  R5f6 27. Rf3  d4 28. Qe4  c4 29. Bc1  b5 30. Bb2  Re8 31. f5  c3 32. Bc1  Ne7 33. g4  b6 34. Rd3  Nc6 35. Bf4  Qd8 36. Qxc6  Re7 37. Bd6  Ra7 38. e7  Rxe7 39. Bxe7  Qxe7 40. Rxe7  Rxc6 41. Rxd4 1-0

[Event "Women"]
[Site "Tallinn, EE"]
[Date "2024.12.14"]
[Round "1.1"]
[White "Tsiganova, Monika"]
[Black "Levchenko, Marina"]
[Result "1-0"]
[Board "2"]
[TimeControl "40/5400+30"]
[WhiteFideId "4500199"]
[BlackFideId "4508548"]
[WhiteTitle "WIM"]
[WhiteElo "2077"]
[BlackElo "1862"]
[WhiteTeam "EST"]
[BlackTeam "EST"]
[WhiteClock "0:38:11"]
[BlackClock "0:16:57"]
[Variant "Standard"]

1. d4  d5 2. c4  e6 3. Nc3  Be7 4. Nf3  Nf6 5. e3  O-O 6. Bd3  c5 7. O-O  b6 8. cxd5  exd5 9. Ne5  Bb7 10. Qf3  Nc6 11. Qh3  a6 12. Nd7  g6 13. Nxf8  Bxf8 14. dxc5  bxc5 15. Rd1  Qc7 16. b3  Rd8 17. Bb2  Bg7 18. Rac1  Ne5 19. Be2  Ned7 20. Na4  Ne4 21. Bxg7  Kxg7 22. f3  Ng5 23. Qg3  Qxg3 24. hxg3  Ne6 25. Rd2  f5 26. Rcd1  Nf6 27. Nc3  Kf7 28. Bc4  dxc4 29. Rxd8  Nxd8 30. Rxd8  cxb3 31. axb3  Ke7 32. Rb8  Bc6 33. Rb6  Bb5 34. Nxb5  axb5 35. Rxb5  Nd7 36. Kf2  Kd6 37. Ke2  Kc6 38. Ra5  Kb6 39. Ra8  Kb5 40. Ra7  Kc6 41. f4  h6 42. Kf3  g5 43. e4  g4+ 44. Ke3  fxe4 45. Kxe4  Nf6+ 46. Kf5  Nd5 47. Kxg4  Kb6 48. Ra8  Kb7 49. Rd8  Nf6+ 50. Kf5 1-0

[Event "Women"]
[Site "Tallinn, EE"]
[Date "2024.12.15"]
[Round "1.2"]
[White "Levchenko, Marina"]
[Black "Tsiganova, Monika"]
[Result "1/2-1/2"]
[Board "2"]
[TimeControl "40/5400+30"]
[WhiteFideId "4508548"]
[BlackFideId "4500199"]
[BlackTitle "WIM"]
[WhiteElo "1862"]
[BlackElo "2077"]
[WhiteTeam "EST"]
[BlackTeam "EST"]
[WhiteClock "0:15:32"]
[BlackClock "0:17:14"]
[Variant "Standard"]

1. d4  Nf6 2. c4  e6 3. Nc3  Bb4 4. Qc2  O-O 5. Nf3  b6 6. e4  d5 7. cxd5  exd5 8. e5  Ne4 9. Bd3  Bb7 10. O-O  Bxc3 11. bxc3  c5 12. Nd2  f5 13. f3  Nxd2 14. Bxd2  Ba6 15. Rfe1  Bxd3 16. Qxd3  c4 17. Qe2  Nc6 18. Rab1  Qe7 19. Rb5  Qe6 20. Reb1  Rab8 21. Be3  f4 22. Bf2  h6 23. Qb2  Rfd8 24. h4  Ne7 25. Qd2  Qf5 26. R5b2  Rbc8 27. Re1  Rc6 28. Qc2  Qh5 29. e6  Qf5 30. Qxf5  Nxf5 31. Re5  Ne7 32. h5  Rdd6 33. Bh4  Kf8 34. Bxe7+  Kxe7 35. Kf2  Rxe6 36. Rxd5  Re3 37. Rc2  Ke6 38. Rd8  Ke7 39. Rd5  Ke6 40. Rd8  Ke7 41. Rd5  Ke6 1/2-1/2

[Event "Women"]
[Site "Tallinn, EE"]
[Date "2024.12.14"]
[Round "1.1"]
[White "Olde, Grete"]
[Black "Narva, Triin"]
[Result "0-1"]
[Board "3"]
[TimeControl "40/5400+30"]
[WhiteFideId "4503104"]
[BlackFideId "4502680"]
[WhiteTitle "WCM"]
[BlackTitle "WFM"]
[WhiteElo "1942"]
[BlackElo "2064"]
[WhiteTeam "EST"]
[BlackTeam "EST"]
[WhiteClock "0:05:35"]
[BlackClock "0:02:38"]
[Variant "Standard"]

1. e4  g6 2. d4  Bg7 3. Nf3  d6 4. Bc4  c6 5. Nc3  b5 6. Bb3  b4 7. Ne2  Nf6 8. Ng3  O-O 9. Bg5  a5 10. a3  Na6 11. h4  h5 12. O-O  Qc7 13. e5  Ng4 14. axb4  dxe5 15. Nxe5  Nxe5 16. dxe5  Nxb4 17. c3  Nd5 18. Re1  Be6 19. Bc2  Bg4 20. Qd4  Rfd8 21. Qe4  Qb6 22. Rab1  Rd7 23. Ba4  Rc8 24. c4  Nb4 25. Be3  Qc7 26. f3  Qxe5 27. Bf2  Qxe4 28. Rxe4  Be6 29. Bb6  Rb7 30. Bf2  Nd3 31. b3  Nxf2 32. Kxf2  Rd7 33. Re2  Rd3 34. Ne4  Bd4+ 35. Kf1  Bf5 36. Rbe1  Bxe4 37. Rxe4  Bf6 38. R4e3  Rxe3 39. Rxe3  Bxh4 40. Rd3  Bf6 41. Rd7  e6 42. Ke2  c5 43. Ke3  Bc3 44. Kf4  Kg7 45. Bb5  Kf6 46. Ba6  Rb8 47. Bb5  g5+ 48. Ke4  Rg8 49. Rd3  Bd4 50. Rd1  Ke7 51. Rd2  f5+ 52. Kd3  g4 53. Bc6  Kd6 54. Bb5  gxf3 55. gxf3  Rg3 56. Rh2  Rxf3+ 57. Ke2  Rxb3 58. Rxh5  f4 59. Rh7  f3+ 0-1

[Event "Women"]
[Site "Tallinn, EE"]
[Date "2024.12.15"]
[Round "1.2"]
[White "Narva, Triin"]
[Black "Olde, Grete"]
[Result "0-1"]
[Board "3"]
[TimeControl "40/5400+30"]
[WhiteFideId "4502680"]
[BlackFideId "4503104"]
[WhiteTitle "WFM"]
[BlackTitle "WCM"]
[WhiteElo "2064"]
[BlackElo "1942"]
[WhiteTeam "EST"]
[BlackTeam "EST"]
[WhiteClock "0:03:35"]
[BlackClock "0:09:20"]
[Variant "Standard"]

1. e4  e5 2. Nc3  Nf6 3. Bc4  Bc5 4. Nf3  d6 5. d4  exd4 6. Nxd4  O-O 7. O-O  Re8 8. f3  c6 9. Kh1  b5 10. Be2  Bb6 11. Bg5  h6 12. Bh4  g5 13. Bf2  Bd7 14. Qd2  b4 15. Nd1  d5 16. exd5  Nxd5 17. Bc4  Nf4 18. Ne3  Qf6 19. c3  Rd8 20. Qc2  c5 21. Ndf5  h5 22. Rad1  Bc7 23. Ng3  Nc6 24. Ne4  Qe5 25. g3  Nh3 26. Rd5  Qg7 27. Nxc5  Bc8 28. Rxd8+  Bxd8 29. Qe4  Qf6 30. Nd5  Qf5 31. Kg2  Ne5 32. Qxf5  Bxf5 33. Ne3  Nxf2 34. Nxf5  Nxc4 35. Rxf2  bxc3 36. Na4  cxb2 37. Nxb2  Ne5 38. Re2  Bf6 39. Nd1  Kh7 40. Nf2  Kg6 41. Ne7+  Bxe7 42. Rxe5  Bf6 43. Re2  Rb8 44. g4  hxg4 45. fxg4  a5 46. Ne4  Bd4 47. Rd2  Rb4 48. Kf3  Ra4 49. Ng3  Be5 50. Ne4  f6 51. Re2  Rb4 52. h3  Ra4 53. Kg2  Ra3 54. Nf2  Rg3+ 55. Kh1  Kf7 56. Re4  Ra3 57. Re2  Ke6 58. Kg2  Rg3+ 59. Kf1  Kd5 60. Rd2+  Bd4 61. Rc2  Rf3 62. Kg2  Rxf2+ 63. Rxf2  Bxf2 64. Kxf2  Kd4 65. Kf3  a4 66. Ke2  Kc3 67. Kd1  Kb2 68. a3  Kxa3 69. Kc2  Kb4 70. Kb2  Kc4 71. Ka3  Kd4 72. Kxa4  Ke4 73. Kb4  Kf4 74. Kc4  Kg3 75. Kd4  Kxh3 0-1

[Event "Women"]
[Site "Tallinn, EE"]
[Date "2024.12.15"]
[Round "1.3"]
[White "Olde, Grete"]
[Black "Narva, Triin"]
[Result "1-0"]
[Board "2"]
[TimeControl "900+3"]
[WhiteFideId "4503104"]
[BlackFideId "4502680"]
[WhiteTitle "WCM"]
[BlackTitle "WFM"]
[WhiteElo "2024"]
[BlackElo "2086"]
[WhiteTeam "EST"]
[BlackTeam "EST"]
[WhiteClock "0:00:17"]
[BlackClock "0:00:06"]
[Variant "Standard"]

1. e4  d5 2. exd5  Qxd5 3. Nc3  Qd6 4. d4  Nf6 5. Nf3  Nc6 6. Nb5  Qd8 7. c4  a6 8. Nc3  Bg4 9. d5  Ne5 10. Be2  Ng6 11. O-O  e5 12. dxe6  Bxe6 13. Nd4  Bd7 14. Bf3  c6 15. Qb3  Rb8 16. Ne4  Nxe4 17. Bxe4  Bd6 18. Nf3  Qc7 19. Rd1  Bg4 20. h3  Bxf3 21. Qxf3  O-O 22. b3  Be5 23. Rb1  Rbd8 24. Ba3  Rfe8 25. h4  Qa5 26. b4  Qa4 27. h5  Nf4 28. Rxd8  Rxd8 29. Bxh7+  Kxh7 30. Qe4+  Kg8 31. Qxe5  Nd3 32. Qg5  Re8 33. h6  g6 34. Qf6  Re1+ 35. Rxe1  Nxe1 36. Qg7# 1-0

[Event "Women"]
[Site "Tallinn, EE"]
[Date "2024.12.15"]
[Round "1.4"]
[White "Narva, Triin"]
[Black "Olde, Grete"]
[Result "1-0"]
[Board "2"]
[TimeControl "900+3"]
[WhiteFideId "4502680"]
[BlackFideId "4503104"]
[WhiteTitle "WFM"]
[BlackTitle "WCM"]
[WhiteElo "2086"]
[BlackElo "2024"]
[WhiteTeam "EST"]
[BlackTeam "EST"]
[WhiteClock "0:00:02"]
[BlackClock "0:00:01"]
[Variant "Standard"]

1. e4  e5 2. Nc3  Nf6 3. Bc4  Nc6 4. d3  Bc5 5. Nf3  d6 6. Na4  Be6 7. Bxe6  fxe6 8. Nxc5  dxc5 9. Bg5  Qe7 10. c3  O-O-O 11. Qc2  h6 12. Bh4  g5 13. Bg3  Nd7 14. O-O-O  h5 15. h4  g4 16. Ng5  Nf8 17. Qb3  Rd6 18. f4  Ng6 19. f5  Nf8 20. Rhf1  Na5 21. Qa4  Ra6 22. f6  Qd7 23. Qxd7+  Nxd7 24. Nf7  Rf8 25. Nxe5  Nxe5 26. Bxe5  Nc6 27. Bf4  Rxf6 28. Bg5  Rxf1 29. Rxf1  Ne5 30. Rf8+  Kd7 31. Rd8+  Kc6 32. Bf6  Nd7 33. e5  Rxa2 34. Kb1  Ra4 35. c4  b5 36. cxb5+  Kxb5 37. Rxd7  Rf4 38. Bg5  Rf5 39. Rxc7  Rxe5 40. Rxa7  Re2 41. g3  e5 42. Re7  c4 43. dxc4+  Kxc4 44. Kc1  Kd3 45. Rd7+  Kc4 46. Rc7+  Kd3 47. Rc3+  Kd4 48. Rc2  Re1+ 49. Kd2  Rf1 50. Be3+  Ke4 51. Rc4+  Kf3 52. Rc6  Kxg3 53. Bg5  Rf2+ 54. Kc3  e4 55. Re6  Rf3+ 56. Kd4  Rb3 57. Rxe4  Rxb2 58. Re3+  Kf2 59. Ke4  Rb4+ 60. Kf5  Rb5+ 61. Kf4  Rb4+ 62. Re4  Rb3 63. Kf5  g3 64. Rf4+  Rf3 65. Ke4 1-0

[Event "Women"]
[Site "Tallinn, EE"]
[Date "2024.12.15"]
[Round "1.5"]
[White "Olde, Grete"]
[Black "Narva, Triin"]
[Result "1-0"]
[Board "2"]
[TimeControl "180+2"]
[WhiteFideId "4503104"]
[BlackFideId "4502680"]
[WhiteTitle "WCM"]
[BlackTitle "WFM"]
[WhiteElo "1966"]
[BlackElo "2060"]
[WhiteTeam "EST"]
[BlackTeam "EST"]
[WhiteClock "0:00:12"]
[BlackClock "0:00:11"]
[Variant "Standard"]

1. e4  g6 2. d4  Bg7 3. Nc3  d6 4. Be3  Nd7 5. Qd2  c6 6. f3  a6 7. h4  h5 8. Nh3  b5 9. a3  Bb7 10. Qf2  Ngf6 11. Bd3  Rc8 12. Ne2  c5 13. c3  cxd4 14. Bxd4  Nc5 15. Bc2  Ne6 16. Bb6  Qd7 17. Ng5  Nh7 18. Nxh7  Rxh7 19. O-O  Bf6 20. Bb3  Nc5 21. Bxc5  Rxc5 22. Rad1  Qc8 23. Nf4  Kf8 24. Bd5  Be5 25. Bxb7  Qxb7 26. Nd5  e6 27. Ne3  Rc7 28. f4  Bf6 29. Rxd6  Qxe4 30. Rfd1  Bxh4 31. Qxh4  Qxe3+ 32. Kh1  Kg7 33. Re1  Qc5 34. Rd8  Qe7 35. Qxe7  Rxe7 36. Ra8  Kf6 37. Rxa6  Kf5 38. g3  Kg4 39. Kg2  h4 40. gxh4  Rxh4 41. Rb6  Kxf4 42. Rxb5  e5 43. a4  e4 44. a5  Rg4+ 45. Kf2  f5 46. a6  Rh7 47. Ke2  Rh2+ 48. Kd1  Rgg2 49. Rf1+  Ke3 50. Re1+  Kf3 51. Rf1+  Kg4 52. a7  Rh8 53. Rb8  Rxb2 54. Rxb2  Ra8 55. Rg1+  Kf3 56. Ra2  e3 57. Rxg6  f4 58. Ke1  Ke4 59. Re6+  Kf3 60. Rb6  Rh8 61. Kd1  Rh1+ 62. Kc2  Rh2+ 63. Kb3  Rxa2 64. Kxa2  e2 65. Re6  Kf2 66. a8=Q  f3 67. Qa7  Kf1 68. Qe3  Kg2 69. Rg6  Kf1 70. Qxf3+  Ke1 71. Re6  Kd1 72. Qxe2+  Kc1 73. Qb2+  Kd1 74. Rh6  Ke1 75. Rh1+ 1-0

[Event "Women"]
[Site "Tallinn, EE"]
[Date "2024.12.15"]
[Round "1.6"]
[White "Narva, Triin"]
[Black "Olde, Grete"]
[Result "0-1"]
[Board "2"]
[TimeControl "180+2"]
[WhiteFideId "4502680"]
[BlackFideId "4503104"]
[WhiteTitle "WFM"]
[BlackTitle "WCM"]
[WhiteElo "2060"]
[BlackElo "1966"]
[WhiteTeam "EST"]
[BlackTeam "EST"]
[WhiteClock "0:00:06"]
[BlackClock "0:00:13"]
[Variant "Standard"]

1. e4  e5 2. Nc3  Nf6 3. Bc4  Bc5 4. Nf3  Nc6 5. d3  a6 6. a4  d6 7. O-O  Bg4 8. h3  Bh5 9. Be3  Nd4 10. Bxd4  exd4 11. Nb1  O-O 12. g4  Bg6 13. Bb3  Bb6 14. Nbd2  c6 15. Nh2  d5 16. f4  h5 17. f5  Bh7 18. g5  Nd7 19. Qxh5  Ne5 20. Ndf3  Qd6 21. Nh4  Bc7 22. Ng4  Nxg4 23. e5  Qxe5 24. Nf3  Qg3+ 25. Kh1  Nf2+ 26. Rxf2  Qxf2 27. Rg1  Rae8 28. g6  fxg6 29. fxg6  Bxg6 30. Rxg6  Re1+ 31. Rg1  Rxg1+ 32. Nxg1  Qh2# 0-1

[Event "Women"]
[Site "Tallinn, EE"]
[Date "2024.12.14"]
[Round "1.1"]
[White "Narva, Regina"]
[Black "Brokko, Margit"]
[Result "0-1"]
[Board "4"]
[TimeControl "40/5400+30"]
[WhiteFideId "4500237"]
[BlackFideId "4501098"]
[WhiteTitle "WFM"]
[BlackTitle "WFM"]
[WhiteElo "1969"]
[BlackElo "1958"]
[WhiteTeam "EST"]
[BlackTeam "EST"]
[WhiteClock "0:02:47"]
[BlackClock "0:30:35"]
[Variant "Standard"]

1. e4  e5 2. Nc3  Nf6 3. g3  Bc5 4. Bg2  d6 5. Na4  Bb6 6. Nxb6  axb6 7. h3  Be6 8. b3  Nc6 9. Bb2  O-O 10. f4  exf4 11. gxf4  Re8 12. d3  Bf5 13. Ne2  Bg6 14. Ng3  Nh5 15. Qg4  Nxg3 16. Qxg3  f5 17. O-O  Qd7 18. a3  Rf8 19. Rae1  Rae8 20. h4  Re7 21. Bh3  Qe8 22. exf5  Bxf5 23. Bxf5  Rxf5 24. Rxe7  Qxe7 25. Re1  Qd7 26. Re8+  Rf8 27. Re2  Qf7 28. Rg2  g6 29. h5  Ne7 30. hxg6  Nxg6 31. Rf2  Qf5 32. Qg5  Qxg5+ 33. fxg5  Nf4 34. Kh2  Ne6 35. Rg2  Rf5 36. g6  h6 37. g7  Rh5+ 38. Kg1  Rg5 39. Rxg5  hxg5 40. Bf6  g4 41. Kf2  Nxg7 42. Bxg7  Kxg7 43. Kg3  Kf6 44. Kxg4  Ke5 45. c3  b5 46. Kf3  c5 47. Ke3  b6 48. Kf3  b4 49. axb4  cxb4 50. cxb4  Kd4 51. Kf4  Kxd3 52. Kf5  d5 53. Ke5  d4 54. b5  Kc3 55. Kd6  d3 56. Kc6  d2 57. Kxb6  d1=Q 58. Kc7  Kb4 59. b6  Qc1+ 60. Kb8  Ka5 61. b7  Kb6 62. Ka8  Qa1+ 0-1

[Event "Women"]
[Site "Tallinn, EE"]
[Date "2024.12.15"]
[Round "1.2"]
[White "Brokko, Margit"]
[Black "Narva, Regina"]
[Result "1-0"]
[Board "4"]
[TimeControl "40/5400+30"]
[WhiteFideId "4501098"]
[BlackFideId "4500237"]
[WhiteTitle "WFM"]
[BlackTitle "WFM"]
[WhiteElo "1958"]
[BlackElo "1969"]
[WhiteTeam "EST"]
[BlackTeam "EST"]
[WhiteClock "0:26:02"]
[BlackClock "0:10:11"]
[Variant "Standard"]

1. e4  c5 2. Nc3  g6 3. g3  Bg7 4. Bg2  Nc6 5. d3  d6 6. Be3  e6 7. Qd2  Rb8 8. f4  Nge7 9. Nge2  b5 10. O-O  b4 11. Nd1  O-O 12. d4  Qb6 13. dxc5  dxc5 14. Qd6  Nd4 15. Qxe7  Nxe2+ 16. Kh1  Nd4 17. c3  Rb7 18. Qh4  Nc2 19. Rc1  Nxe3 20. Nxe3  bxc3 21. bxc3  Qa5 22. e5  Rb2 23. Nc4  Qxa2 24. Nxb2  Qxb2 25. Qe7  Ba6 26. Rfd1  Qf2 27. Qxa7  Be2 28. Qa2  Qe3 29. Re1  Bc4 30. Qxc4  Qd2 31. Qxc5 1-0

[Event "Women"]
[Site "Tallinn, EE"]
[Date "2024.12.16"]
[Round "2.1"]
[White "Olde, Margareth"]
[Black "Brokko, Margit"]
[Result "1-0"]
[Board "1"]
[TimeControl "40/5400+30"]
[WhiteFideId "4503082"]
[BlackFideId "4501098"]
[WhiteTitle "WIM"]
[BlackTitle "WFM"]
[WhiteElo "2147"]
[BlackElo "1958"]
[WhiteTeam "EST"]
[BlackTeam "EST"]
[WhiteClock "1:03:51"]
[BlackClock "1:08:23"]
[Variant "Standard"]

1. e4  d6 2. d4  Nf6 3. Nc3  g6 4. Be3  Bg7 5. h3  O-O 6. Qd2  Re8 7. Nf3  Nbd7 8. e5  Nh5 9. g4  dxe5 10. dxe5  Nxe5 11. Nxe5  Bxe5 12. gxh5  gxh5 13. O-O-O  Qxd2+ 14. Rxd2  Bf5 15. Bd3  Bg6 16. f4  Bxc3 17. bxc3  e6 18. Bd4  b6 19. Bf6  a5 20. Bb5  Rec8 21. Bc6  Rab8 22. Rhd1  Bf5 23. h4  h6 24. Rd8+  Kh7 25. Rxc8  Rxc8 26. Rd8 1-0

[Event "Women"]
[Site "Tallinn, EE"]
[Date "2024.12.16"]
[Round "2.1"]
[White "Olde, Grete"]
[Black "Tsiganova, Monika"]
[Result "1-0"]
[Board "2"]
[TimeControl "40/5400+30"]
[WhiteFideId "4503104"]
[BlackFideId "4500199"]
[WhiteTitle "WCM"]
[BlackTitle "WIM"]
[WhiteElo "1942"]
[BlackElo "2077"]
[WhiteTeam "EST"]
[BlackTeam "EST"]
[WhiteClock "0:04:48"]
[BlackClock "0:13:49"]
[Variant "Standard"]

1. e4  c6 2. d4  d5 3. e5  Qb6 4. Nf3  Bg4 5. Be2  e6 6. O-O  Nd7 7. Nbd2  c5 8. c4  Ne7 9. Nb3  cxd4 10. Nbxd4  dxc4 11. Qa4  Nc6 12. Be3  Bc5 13. Nxc6  Bxe3 14. Na5  Bc5 15. Nxc4  Qb4 16. Qc2  Bf5 17. Qd1  b5 18. a3  Qa4 19. Nd6+  Ke7 20. Bxb5  Qxd1 21. Nxf5+  exf5 22. Rfxd1  Rhd8 23. b4  Bb6 24. a4  Nf8 25. a5  Bc7 26. Nd4  Bxe5 27. Nc6+  Kf6 28. Rxd8  Rxd8 29. Nxd8  Bxa1 30. Nc6  Bc3 31. a6  Ne6 32. Bc4  Nd4 33. Nxa7  Bxb4 34. Nc8  Nc6 35. Bb5 1-0

[Event "Women"]
[Site "Tallinn, EE"]
[Date "2024.12.18"]
[Round "3.1"]
[White "Olde, Grete"]
[Black "Olde, Margareth"]
[Result "1/2-1/2"]
[Board "1"]
[TimeControl "40/5400+30"]
[WhiteFideId "4503104"]
[BlackFideId "4503082"]
[WhiteTitle "WCM"]
[BlackTitle "WIM"]
[WhiteElo "1942"]
[BlackElo "2147"]
[WhiteTeam "EST"]
[BlackTeam "EST"]
[WhiteClock "0:05:12"]
[BlackClock "0:01:18"]
[Variant "Standard"]

1. e4  c5 2. Nf3  Nc6 3. Bb5  e6 4. Bxc6  bxc6 5. b3  Ne7 6. Nc3  Ng6 7. h4  h5 8. e5  f6 9. Ne4  fxe5 10. Nfg5  d5 11. Qf3  Qc7 12. Ng3  e4 13. Qd1  Nf4 14. O-O  Be7 15. d3  Bxg5 16. hxg5  exd3 17. Qf3  Ng6 18. Qxd3  Qf7 19. Ba3  h4 20. Ne2  h3 21. g3  Ne5 22. Qe3  Qf3 23. Qxf3  Nxf3+ 24. Kh1  e5 25. Bxc5  Bf5 26. Ng1  Nxg5 27. Kh2  Ne4 28. Ba3  Kd7 29. Nf3  Rae8 30. Bb2  Nf6 31. Nh4  Ng4+ 32. Kh1  Bxc2 33. f3  Nf6 34. Bc1  e4 35. Ng6  Rhg8 36. Bf4  Nh5 37. Ne5+  Ke6 38. Rfc1  g5 39. Rxc2  gxf4 40. gxf4  Nxf4 41. Nxc6  Rg2 42. fxe4  Rxc2 43. Nd4+  Ke5 44. Nxc2  dxe4 45. Rf1  Nd5 46. Kh2  Rc8 47. Na3  e3 48. Nc4+  Kd4 49. Rd1+  Kc5 50. Nxe3  Nc3 51. Rc1  Kd4 52. Nf5+  Kd3 53. Kxh3  Rf8 54. Kg4  Rg8+ 55. Kf3  Rf8 56. Kg4  Rg8+ 57. Kf3  Rf8 1/2-1/2

[Event "Women"]
[Site "Tallinn, EE"]
[Date "2024.12.19"]
[Round "3.2"]
[White "Olde, Margareth"]
[Black "Olde, Grete"]
[Result "1/2-1/2"]
[Board "1"]
[TimeControl "40/5400+30"]
[WhiteFideId "4503082"]
[BlackFideId "4503104"]
[WhiteTitle "WIM"]
[BlackTitle "WCM"]
[WhiteElo "2147"]
[BlackElo "1942"]
[WhiteTeam "EST"]
[BlackTeam "EST"]
[WhiteClock "0:12:56"]
[BlackClock "0:13:53"]
[Variant "Standard"]

1. d4  Nf6 2. c4  e6 3. Nf3  d5 4. Nc3  Be7 5. Bf4  O-O 6. e3  b6 7. Bd3  Bb7 8. cxd5  exd5 9. Ne5  c5 10. Qf3  Nc6 11. O-O  h6 12. Rac1  Bd6 13. Nb5  Bb8 14. Rfd1  Qe7 15. Nxc6  Bxc6 16. Nc3  Bxf4 17. Qxf4  c4 18. Bb1  b5 19. e4  dxe4 20. d5  b4 21. dxc6  bxc3 22. bxc3  Rac8 23. Qd6  Qe8 24. Qc5  Rxc6 25. Qxa7  Qe6 26. Qe3  Re8 27. Rd4  Rd6 28. Re1  Rxd4 29. Qxd4  Qc6 30. h3  Re6 31. Bc2  Rd6 32. Bxe4  Qa6 33. Qe5  Re6 34. Qb8+  Re8 35. Qb1  Nxe4 36. Rxe4  Rxe4 37. Qxe4  Qxa2 38. Kh2  Qb3 39. Qe5  Qb7 40. f4  Qc6 41. Qd4  Qe6 42. Qd8+ 1/2-1/2

[Event "Women"]
[Site "Tallinn, EE"]
[Date "2024.12.19"]
[Round "3.3"]
[White "Olde, Margareth"]
[Black "Olde, Grete"]
[Result "1/2-1/2"]
[Board "1"]
[TimeControl "900+3"]
[WhiteFideId "4503082"]
[BlackFideId "4503104"]
[WhiteTitle "WIM"]
[BlackTitle "WCM"]
[WhiteElo "2087"]
[BlackElo "2024"]
[WhiteTeam "EST"]
[BlackTeam "EST"]
[WhiteClock "0:00:05"]
[BlackClock "0:01:24"]
[Variant "Standard"]

1. d4  d5 2. Nf3  Nf6 3. c4  e6 4. Nc3  Be7 5. Bf4  O-O 6. e3  Nbd7 7. c5  Nh5 8. Bg3  c6 9. Bd3  g6 10. b4  a5 11. a3  b6 12. Ne5  Nxe5 13. Bxe5  f6 14. Bg3  Ba6 15. O-O  Nxg3 16. hxg3  e5 17. dxe5  Bxd3 18. Qxd3  fxe5 19. cxb6  axb4 20. axb4  Qxb6 21. b5  Rxa1 22. Rxa1  d4 23. exd4  Qxd4 24. Qxd4  exd4 25. Ne4  cxb5 26. Ra7  Re8 27. Rd7  b4 28. Rxd4  b3 29. Rd7  Bd8 30. f3  Bb6+ 31. Kh2  Rb8 32. Nf6+  Kf8 33. Nxh7+  Kg8 34. Nf6+  Kf8 35. Nh7+  Kg8 36. Nf6+  Kf8 37. Nh7+  Kg8 1/2-1/2

[Event "Women"]
[Site "Tallinn, EE"]
[Date "2024.12.19"]
[Round "3.3"]
[White "Tsiganova, Monika"]
[Black "Brokko, Margit"]
[Result "1-0"]
[Board "2"]
[TimeControl "900+3"]
[WhiteFideId "4500199"]
[BlackFideId "4501098"]
[WhiteTitle "WIM"]
[BlackTitle "WFM"]
[WhiteElo "1925"]
[BlackElo "1960"]
[WhiteTeam "EST"]
[BlackTeam "EST"]
[WhiteClock "0:08:53"]
[BlackClock "0:06:40"]
[Variant "Standard"]

1. d4  Nf6 2. c4  c5 3. e3  g6 4. Nf3  Bg7 5. Nc3  O-O 6. Be2  d6 7. O-O  Bf5 8. h3  Nc6 9. b3  a6 10. Bb2  Rb8 11. Nh4  Bd7 12. d5  Na7 13. a4  b5 14. axb5  Qc7 15. Rxa6  Nc8 16. Qa1  e6 17. dxe6  fxe6 18. Nf3  Bh6 19. Rd1  Nb6 20. Na4  Ne4 21. Nxb6  Rxb6 22. Qa5  Rfb8 23. Rxb6  Rxb6 24. Qa8+  Rb8 25. Qxe4  Qa7 26. Rxd6 1-0

[Event "Women"]
[Site "Tallinn, EE"]
[Date "2024.12.18"]
[Round "3.1"]
[White "Tsiganova, Monika"]
[Black "Brokko, Margit"]
[Result "0-1"]
[Board "2"]
[TimeControl "40/5400+30"]
[WhiteFideId "4500199"]
[BlackFideId "4501098"]
[WhiteTitle "WIM"]
[BlackTitle "WFM"]
[WhiteElo "2077"]
[BlackElo "1958"]
[WhiteTeam "EST"]
[BlackTeam "EST"]
[WhiteClock "0:11:42"]
[BlackClock "0:20:10"]
[Variant "Standard"]

1. d4  Nf6 2. c4  c5 3. d5  e6 4. Nc3  exd5 5. cxd5  g6 6. e4  d6 7. Bd3  Bg7 8. Nge2  O-O 9. O-O  Nbd7 10. h3  a6 11. a4  Rb8 12. Ng3  Qc7 13. f4  c4 14. Bc2  b5 15. axb5  axb5 16. Be3  Nc5 17. e5  Ne8 18. Nce4  Nxe4 19. Nxe4  dxe5 20. Bc5  f5 21. Bxf8  Bxf8 22. Ng5  e4 23. b3  c3 24. h4  h6 25. Nh3  Qc5+ 26. Kh1  Nf6 27. Nf2  b4 28. Qe2  Nxd5 29. Nd1  Bd7 30. Qe1  Bb5 31. Rf2  Bg7 32. g3  Bd4 33. Rh2  Nf6 34. Nf2  e3 35. Nd3  Bc6+ 36. Kg1  e2+ 37. Nf2  Re8 38. Bd3  Ng4 0-1

[Event "Women"]
[Site "Tallinn, EE"]
[Date "2024.12.19"]
[Round "3.2"]
[White "Brokko, Margit"]
[Black "Tsiganova, Monika"]
[Result "0-1"]
[Board "2"]
[TimeControl "40/5400+30"]
[WhiteFideId "4501098"]
[BlackFideId "4500199"]
[WhiteTitle "WFM"]
[BlackTitle "WIM"]
[WhiteElo "1958"]
[BlackElo "2077"]
[WhiteTeam "EST"]
[BlackTeam "EST"]
[WhiteClock "0:45:44"]
[BlackClock "1:08:01"]
[Variant "Standard"]

1. e4  c5 2. Nc3  a6 3. g3  b5 4. Bg2  Bb7 5. d3  e6 6. Be3  Nf6 7. h3  Be7 8. f4  d5 9. e5  Nfd7 10. Qg4  O-O 11. Nce2  Nc6 12. c3  d4 13. Bf2  Ncxe5 14. fxe5  Bxg2 15. Rh2  Nxe5 16. Qh5  Nxd3+ 17. Kd2  dxc3+ 18. Nxc3  Nf4+ 0-1

[Event "Women"]
[Site "Tallinn, EE"]
[Date "2024.12.19"]
[Round "3.4"]
[White "Olde, Grete"]
[Black "Olde, Margareth"]
[Result "0-1"]
[Board "1"]
[TimeControl "900+3"]
[WhiteFideId "4503104"]
[BlackFideId "4503082"]
[WhiteTitle "WCM"]
[BlackTitle "WIM"]
[WhiteElo "2024"]
[BlackElo "2087"]
[WhiteTeam "EST"]
[BlackTeam "EST"]
[WhiteClock "0:00:10"]
[BlackClock "0:00:18"]
[Variant "Standard"]

1. e4  c5 2. Nf3  Nc6 3. Bb5  e6 4. Bxc6  bxc6 5. b3  e5 6. O-O  d6 7. d3  Be7 8. Re1  f5 9. Nbd2  Nf6 10. c3  O-O 11. h3  h6 12. Nf1  Qe8 13. Ng3  fxe4 14. dxe4  Nh5 15. Nxh5  Qxh5 16. Nh2  Qh4 17. Nf3  Qf6 18. Re3  Be6 19. Qe2  Qg6 20. Nh2  Bh4 21. Nf3  Be7 22. Nh2  Rf7 23. Rg3  Qh7 24. Ng4  Kh8 25. Nh2  Raf8 26. Rf3  Rxf3 27. Nxf3  Qg6 28. Kh2  Qh5 29. Ng1  Qxe2 30. Nxe2  Rxf2 31. Ng3  d5 32. Be3  Rc2 33. Rc1  Rxa2 34. b4  c4 35. Nf1  Bf6 36. Bc5  d4 37. cxd4  exd4 38. Kg1  Be5 39. Rd1  c3 40. Rc1  Bf4 41. Re1  c2 0-1